 Dungeon Crawl Stone Soup version 0.32-a0-732-ga344392067 (webtiles) character file.

Game seed: 4241500753043909293

492 gimp the Chopper (level 7, -2/55 HPs)
             Began as a Coglin Wanderer on Mar 16, 2024.
             Was an Initiate of Trog.
             Succumbed to a water moccasin's poison
             ... on level 5 of the Dungeon.
             The game lasted 00:05:38 (4056 turns).

gimp the Chopper (Coglin Wanderer)                  Turns: 4056, Time: 00:05:39

Health: -2/55      AC:  6    Str: 15    XL:     7   Next: 14%
Magic:  8/8        EV: 10    Int: 11    God:    Trog [......]
Gold:   216        SH:  0    Dex: 13    Spells: 7/8 levels left

rFire   + + .        a - +0 hand axe {Qiuyue}
rCold   + . .        j - +1 short sword (venom) {Yuxuan}
rNeg    . . .        d - +0 leather armour
rPois   +            (no helmet)
rElec   +            s - +1 cloak
rCorr   +            o - +0 pair of gloves
SInv    .            (no boots)
Will    .....        (amulet unavailable)
Stlth   +            (ring unavailable)
HPRegen 0.29/turn    (ring unavailable)
MPRegen 0.11/turn    (no gizmo)

%: no passive effects
@: mighty, lethally poisoned (-2 -> -13), resistant, invisible
A: off-hand wielding, slow wielding, warmup strikes, no jewellery, fire
resistance 1, inability to drink after injury 1
a: Invent Gizmo, Renounce Religion


You were on level 5 of the Dungeon.
You worshipped Trog.
Trog was noncommittal.
You visited 2 branches of the dungeon, and saw 6 of its levels.

You collected 216 gold pieces.

Inventory:

Hand Weapons
 a - a +0 hand axe (weapon) {Qiuyue}
 j - a +1 short sword of venom (offhand) {Yuxuan}
Missiles
 t - a throwing net
Armour
 d - a +0 leather armour (worn)
 o - a +0 pair of gloves (worn)
 s - a +1 cloak (worn)
Wands
 b - a wand of flame (4)
Scrolls
 c - a scroll of blinking
 e - 2 scrolls of enchant armour {unknown}
 f - 5 scrolls of identify {unknown}
 g - 2 scrolls of revelation {unknown}
 i - a scroll of teleportation {unknown}
 k - a scroll of torment {unknown}
 l - 2 scrolls of immolation {unknown}
 m - 3 scrolls of vulnerability {unknown}
 p - a scroll of enchant weapon {unknown}
Potions
 h - a potion of invisibility
 n - a potion of might
 q - a potion of resistance
 r - a potion of attraction {unknown}
 v - a potion of haste {unknown}


   Skills:
 + Level 4.5 Fighting
 * Level 6.2 Axes
 - Level 1.0 Armour
 - Level 1.0 Spellcasting
 - Level 1.7 Earth Magic
 - Level 2.6 Evocations


You had 7 spell levels left.
You knew the following spells:

 Your Spells              Type           Power      Damage    Failure   Level
a - Sandblast             Erth           8%         2d5       19%         1

Your spell library contained the following spells:

 Spells                   Type           Power      Damage    Failure   Level
 Passwall                 Erth           4%         N/A       50%         3
 Leda's Liquefaction      Alch/Erth      1%         N/A       95%         4


Dungeon Overview and Level Annotations

Branches:
Dungeon (5/15)             Temple (1/1) D:4

Altars:
Ashenzari
Cheibriados
Dithmenos
Elyvilon
Fedhas
Gozag
Hepliaklqana
Kikubaaqudgha
Makhleb
Nemelex Xobeh
Okawaru
Qazlal
Trog
Uskayaw
Wu Jian
Yredelemnul
The Shining One

Shops:
D:4 =

Annotations:
D:5 Grinder


Innate Abilities, Weirdness & Mutations

You can wield a second weapon in your off-hand.
It takes a long time for you to wield or remove held weapons.
Your first few attacks do less damage.
You cannot equip rings or amulets.
Your flesh is heat resistant. (rF+)
You occasionally lose the ability to drink potions when taking damage.


Message History

You hit the gnoll bouda with your +0 hand axe.
The gnoll bouda is moderately wounded.
You hit the gnoll bouda with your +1 short sword of venom.
The gnoll bouda is poisoned.
The gnoll bouda closely misses you.
You closely miss the gnoll bouda with your +0 hand axe.
The gnoll bouda is heavily wounded.
You barely miss the scorpion with your +0 hand axe.
You barely miss the gnoll bouda with your +1 short sword of venom.
The scorpion closely misses you.
The gnoll bouda hits you with a +0 club.
You take 3 damage, and have 39/49 hp.
Grinder comes into view.
The scorpion attacks as it pursues you! The scorpion stings you.
You are poisoned.
The scorpion poisons you! Grinder closely misses you.
You take 2 damage, and have 37/49 hp.
You closely miss the gnoll bouda with your +1 short sword of venom.
The gnoll bouda is heavily wounded.
You hit the gnoll bouda with your +0 hand axe.
You hit Grinder with your +0 hand axe. You hit the scorpion but do no damage.
You feel sick. The scorpion stings you.
You are more poisoned.
The scorpion poisons you! The scorpion barely misses you.
Grinder completely misses you.
You take 8 damage, and have 29/49 hp.
You closely miss the gnoll bouda with your +1 short sword of venom.
The gnoll bouda is almost dead.
You slash the gnoll bouda with your +0 hand axe!
You kill the gnoll bouda!
Trog accepts your kill.
You hit the scorpion with your +0 hand axe.
You hit Grinder with your +0 hand axe.
You feel very sick. The scorpion misses you.
Grinder blinks!
Your Axes skill increases to level 6!
You have reached level 7!
Your brain swirls with designs for a superadeledicnander scope.
You just need some more time...
You take 2 damage, and have 27/55 hp.
MP restored: 8 Unknown command.
Unknown command.
You feel very sick.
You take 2 damage, and have 25/55 hp.
You hit the scorpion but do no damage.
The scorpion is lightly wounded.
You hit the scorpion with your +1 short sword of venom.
The scorpion is poisoned.
You feel very sick. The scorpion barely misses you.
You take 3 damage, and have 22/55 hp.
You hit the scorpion with your +0 hand axe.
The scorpion is heavily wounded.
You hit the scorpion with your +1 short sword of venom.
The scorpion looks as sick as possible!
You feel sick. The scorpion misses you. The scorpion stings you.
* * * LOW HITPOINT WARNING * * *
You take 7 damage, and have 15/55 hp.
It was a potion of resistance.
You feel protected.
You feel sick.
You kill the scorpion!
Trog accepts your kill.
You take 1 damage, and have 14/55 hp.
It was a potion of invisibility.
You fade into invisibility!
You feel sick.
You take 2 damage, and have 12/55 hp.
You feel sick.
You take 1 damage, and have 11/55 hp.
You feel sick.
You take 1 damage, and have 10/55 hp.
You feel sick.
You feel sick.
A water moccasin comes into view.
You take 1 damage, and have 9/55 hp.
You feel sick.
You are no longer poisoned.
You take 1 damage, and have 8/55 hp.
Grinder gestures at something.
You struggle to resist.
The water moccasin hisses angrily.
The water moccasin bites you.
* * * LOW HITPOINT WARNING * * *
You take 3 damage, and have 8/55 hp.
The water moccasin bites you but does no damage.
The water moccasin bites you.
* * * LOW HITPOINT WARNING * * *
You are lethally poisoned!
The water moccasin poisons you!
You take 3 damage, and have 5/55 hp.
It was a potion of might.
You feel very mighty all of a sudden.
* * * LOW HITPOINT WARNING * * *
You feel very sick. The water moccasin barely misses you.
You take 4 damage, and have 1/55 hp.
It was a potion of mutation.
You feel extremely strange.
You feel resistant to heat.
You occasionally lose the ability to drink potions when taking damage.
You die...

..#...# #.# #.#
#.....#.# .###.##
#.# #.# #.##...#
## ##.# #.. ..#
###.#.## .###..#
#.. ### ##.#.##
#.#.#.# #..
##.#.## ##.##.# #.
##.#.## #.##.#
##.#.## #.##.#
..##.#.## ##
#.##:###...##.#@##
##.#
#.........##.#S##
#.#.#
####.###.##.#.##
#.#.#.## #.....#
#.#5## #...#.#
###.....##.#.##
##†#.#
........###.#.##
##.#)## ###.....#
##.#.## ##.#.##
#...<.# ##.#.##
##5#.## #######
##.#5## ##.#.##


You could see Grinder (unable to see you) and a water moccasin (unable to see
you).

Vanquished Creatures
  A scorpion (D:5)
  An orc priest (D:4)
  A hound (D:5)
  A jelly (D:4)
  A gnoll bouda (D:5)
  An iguana (D:4)
  2 orc wizards (D:3)
  4 gnolls
  10 adders
  A white imp (D:5)
  4 ribbon worms
  4 dart slugs
  5 orcs
  9 ball pythons
  7 bats
  6 endoplasms
  2 giant cockroaches
  6 goblins
  5 hobgoblins
  4 jackals (D:3)
  6 quokkas
  2 frilled lizards
  9 kobolds
  6 rats
98 creatures vanquished.

Notes
Turn   | Place    | Note
-------+----------+-------------------------------------------
     0 | D:1      | gimp the Coglin Wanderer began the quest for the Orb.
     0 | D:1      | gimp set off with the following items: a +0 hand axe
                  | {Qiuyue}, a wand of flame (4), a scroll of blinking, a +0
                  | leather armour, a +0 dagger {Silke}; and the following
                  | spell memorised: Sandblast; and the following spells
                  | available to memorise: Passwall, Leda's Liquefaction.
     0 | D:1      | Reached XP level 1. HP: 16/16 MP: 2/2
   130 | D:1      | Reached XP level 2. HP: 17/22 MP: 3/3
   633 | D:1      | Reached skill level 3 in Axes
   633 | D:1      | Reached XP level 3. HP: 28/28 MP: 4/4
  1538 | D:2      | Reached XP level 4. HP: 34/34 MP: 5/5
  2100 | D:3      | You fall into a shaft and drop 1 floor!
  2189 | D:4      | Reached skill level 4 in Axes
  2193 | D:4      | Reached XP level 5. HP: 16/41 MP: 6/6
  2644 | D:3      | Reached skill level 5 in Axes
  2799 | D:3      | Reached XP level 6. HP: 46/48 MP: 7/7
  3501 | D:4      | Found Qotoim's Jewellery Shop.
  3615 | D:4      | Found a staircase to the Ecumenical Temple.
  3771 | Temple   | Found a transporter.
  3771 | Temple   | Found a transporter.
  3771 | Temple   | Found a transporter.
  3771 | Temple   | Found a transporter.
  3771 | Temple   | Entered the Ecumenical Temple
  3787 | Temple   | Became a worshipper of Trog the Wrathful
  3890 | D:5      | Entered Level 5 of the Dungeon
  4030 | D:5      | Noticed Grinder
  4033 | D:5      | Reached skill level 6 in Axes
  4033 | D:5      | Reached XP level 7. HP: 27/55 MP: 8/8
  4055 | D:5      | HP: 1/55 [poisoned by a water moccasin]
  4056 | D:5      | Gained mutation: Your flesh is heat resistant. (rF+)
                  | [potion of mutation]
  4056 | D:5      | Gained mutation: You occasionally lose the ability to drink
                  | potions when taking damage. [potion of mutation]
  4056 | D:5      | Succumbed to a water moccasin's poison

Illustrated notes

Levels and vault maps discovered:
D:1:      amcnicky_arrival_feature_with_door, layout_loops_corners,
          chequers_big_river
D:2:      layout_basic
D:3:      layout_rooms
D:4:      layout_basic, temple_hall, serial_shops, nicolae_stop_n_shop_1
D:5:      minmay_inner_zag, layout_loops_ring, grunt_temple_overflow_open,
          serial_shops, shop, uniq_duvessa, uniq_pikel, uniq_grinder
Temple:   hellmonk_temple_divided_pantheon

Skill      XL: |  1  2  3  4  5  6 |
---------------+-------------------+-----
Axes           | 3 4 5 6 |  6.2
Fighting       | 3 4 |  4.5
Armour         | |  1.0
Spellcasting   | |  1.0
Earth Magic    | |  1.7
Evocations     | |  2.6

Action                     |  1- 3 |  4- 6 |  7- 9 || total
---------------------------+-------+-------+-------++-------
  Melee: Dagger            |    40 |       |       ||    40
         Hand axe          |    82 |   176 |     2 ||   260
         Short sword       |    39 |   173 |     2 ||   214
    Use: Potion            |       |     2 |     4 ||     6
   Stab: Sleeping          |     1 |     2 |       ||     3
 Armour: Leather armour    |    73 |   151 |     4 ||   228
  Dodge: Dodged            |    48 |    96 |     3 ||   147

Table legend: (Time is in decaauts)
 A = Elapsed time spent in this place.
 B = Non-inter-level travel time spent in this place.
 C = Inter-level travel time spent in this place.
 D = Time resting spent in this place.
 E = Time spent auto-exploring this place.
 F = Levels seen in this place.
 G = Mean time per level.
                   A        B        C        D        E       F      G
               +--------+--------+--------+--------+--------+-----+--------+
         Total |   4087 |   3884 |    203 |    106 |   2932 |   6 |  681.2 |
       Dungeon |   4056 |   3861 |    195 |    106 |   2932 |   5 |  811.2 |
        Temple |     30 |     23 |      7 |      0 |      0 |   1 |   30.0 |
               +--------+--------+--------+--------+--------+-----+--------+

Top non-repeatable levels by time:
     D:1: 1092 daAuts
     D:2: 1011 daAuts
     D:4: 1002 daAuts
     D:3: 784 daAuts
     D:5: 165 daAuts
  Temple: 30 daAuts
